 Dungeon Crawl Stone Soup version 0.17-a0-2064-g265a032 (webtiles) character file.

769 SlimeFever the Slasher (level 7, -1/61 HPs)
             Began as a Black Draconian Chaos Knight on Oct 12, 2015.
             Slain by an iguana (8 damage)
             ... on level 5 of the Dungeon.
             The game lasted 00:29:52 (3757 turns).

SlimeFever the Slasher (DrCK)                       Turns: 3757, Time: 00:29:52

Health: -1/61      AC:  6    Str: 16    XL:     7   Next: 52%
Magic:  0/7        EV: 13    Int: 12    God:    Xom [.*....]
Gold:   1345       SH:  0    Dex: 11    Spells: 0 memorised, 6 levels left

rFire  + . .     SeeInvis .     a - +0 falchion (chaos)
rCold  . . .     Clarity  .     (armour unavailable)
rNeg   . . .     SustAt   .     (no shield)
rPois  .         Gourm    .     (helmet restricted)
rElec  +         Spirit   +     (no cloak)
rCorr  .         Warding  .     (no gloves)
rMut   .         Stasis   .     (no boots)
MR     +....                    n - amulet of guardian spirit
Stlth  ++........               (no ring)
                                o - ring of protection from magic

@: somewhat resistant to hostile enchantments, unstealthy
A: breathe lightning, unfitting armour, fire resistance 1, electricity
resistance, cold-blooded, AC +6
a: Breathe Lightning, Renounce Religion


You were on level 5 of the Dungeon.
You worshipped Xom.
You were a plaything of Xom.
You were not hungry.

You visited 1 branch of the dungeon, and saw 5 of its levels.

You collected 1347 gold pieces.

Inventory:

Hand Weapons
 a - a +0 falchion of chaos (weapon)
 i - a +0 hunting sling
Missiles
 d - 23 poisoned needles
 q - 10 arrows
 r - 14 arrows of frost
Jewellery
 h - an uncursed amulet of stasis
 n - an amulet of guardian spirit (around neck)
 o - a ring of protection from magic (left hand)
Wands
 e - a wand of confusion (37)
 p - a wand of polymorph (12)
Scrolls
 c - 5 scrolls of identify
 k - 3 scrolls of teleportation
Potions
 f - a potion of might
 g - a potion of magic
 l - a potion of lignification
 m - 2 potions of flight
 t - 2 potions of agility {unknown}
 w - 2 potions of poison {unknown}
 x - 2 potions of curing {unknown}
Miscellaneous
 j - a plain deck of defence {drawn: 3}
Comestibles
 b - 2 bread rations
 v - 2 beef jerkies


   Skills:
 + Level 5.2 Fighting
 * Level 6.0 Long Blades
 + Level 4.5 Dodging
 + Level 2.6 Stealth
 + Level 0.2 Evocations


You had 6 spell levels left.
You didn't know any spells.

Dungeon Overview and Level Annotations

Branches:
Dungeon (5/15)
 Temple: D:4-7

Altars:
Elyvilon
Xom


Innate Abilities, Weirdness & Mutations

You can breathe wild blasts of lightning.
Your glossy black scales are hard (AC +6).
Your body does not fit into most forms of armour.
You are resistant to electric shocks.
You are cold-blooded and may be slowed by cold attacks.
Your flesh is heat resistant.


Message History

The iguana is lightly wounded.
The iguana bites you. The iguana bites you!
* * * LOW HITPOINT WARNING * * *
You closely miss the iguana.
The iguana is lightly wounded.
The iguana bites you but does no damage.
The iguana bites you!
* * * LOW HITPOINT WARNING * * *
The iguana misses you.
You see here a flail.
The iguana bites you.
* * * LOW HITPOINT WARNING * * *
You closely miss the iguana.
The iguana is lightly wounded.
The iguana barely misses you.
You closely miss the iguana.
The iguana is lightly wounded.
The iguana bites you!
You die...
Xom is highly amused!

#...# ##.## #...)r. ###.# #...#
#.##.## ########.# #...# #.*#.##
##........# #####...# #.*#...
....####..# #...#...#####.####.
....#.....#####.#.........#....<.
......##......._..............##†
....####..#####.#h........###.##.
....####..# #.@l......### #.##.
..........# ####g...#.# #.#..
#########.# #.ga....# #>#..
.....# #.# ###.....#.# #.#.)
#.##.# #.# ##.#h.#.##.# #....
.#.#.####.# #..).......#######.)
#......)).# ##.#<###.......# #..
..##.###### ###.#...........# #..
..>..# #......###..##..#*###


You could see an iguana, a hound, a worker ant and a gnoll.

Vanquished Creatures
  Menkaure (D:4)
  An ogre (D:5)
  A centaur (D:5)
  2 crimson imps (D:5)
  A hound (D:5)
  A giant frog skeleton (D:4)
  2 orc priests
  2 centaur skeletons
  An iguana (D:5)
  A worker ant (D:3)
  5 adders
  A gnoll (D:5)
  2 oozes
  2 worms
  2 giant geckos (D:4)
  6 orcs
  2 ball pythons
  4 giant cockroaches
  11 goblins
  11 hobgoblins
  2 jackals (D:5)
  3 quokkas
  8 bats
  6 giant newts
  5 kobolds
  5 rats
88 creatures vanquished.

Vanquished Creatures (collateral kills)
  An ogre (D:4)
  An adder (D:3)
  2 orcs (D:3)
  A giant cockroach (D:2)
  A rat (D:2)
6 creatures vanquished.

Vanquished Creatures (others)
  2 orcs
  A giant cockroach (D:5)
3 creatures vanquished.

Grand Total: 97 creatures vanquished

Notes
Turn   | Place    | Note
--------------------------------------------------------------
     0 | D:1      | SlimeFever the Draconian Chaos Knight began the quest for the Orb.
     0 | D:1      | Reached XP level 1. HP: 19/19 MP: 1/1
     0 | D:1      | XOM: divination: magic mapping
   290 | D:1      | Reached XP level 2. HP: 21/26 MP: 2/2
   471 | D:1      | XOM: harmless Necr miscast
   780 | D:2      | Reached XP level 3. HP: 28/33 MP: 3/3
   867 | D:2      | XOM: divination: detect items
   896 | D:2      | XOM: mild Hex miscast
   937 | D:2      | XOM: summons friendly shadow imp
  1198 | D:2      | XOM: cast spell 'Spider Form'
  1310 | D:3      | Reached skill level 4 in Long Blades
  1321 | D:3      | Reached XP level 4. HP: 40/40 MP: 4/4
  1378 | D:3      | XOM: destruction
  1497 | D:3      | Reached skill level 1 in Stealth
  1499 | D:3      | XOM: smoke on damage
  1600 | D:3      | XOM: give mutations
  1600 | D:3      | Gained mutation: You are resistant to electric shocks. [Xom's grace]
  1600 | D:3      | Gained mutation: Your flesh is heat resistant. [Xom's grace]
  1643 | D:3      | HP: 1/40 [orc/club (3)]
  1658 | D:3      | XOM: summons 2 friendly demons
  1683 | D:3      | Reached XP level 5. HP: 39/46 MP: 5/5
  1720 | D:3      | XOM: god gift: plain deck of cards {god gift}
  1985 | D:3      | XOM: god gift: 1080 gold pieces
  2334 | D:4      | Found a shimmering altar of Xom.
  2339 | D:4      | Found a shimmering altar of Xom.
  2356 | D:4      | Found a shimmering altar of Xom.
  2356 | D:4      | Found a shimmering altar of Xom.
  2358 | D:4      | Found a shimmering altar of Xom.
  2363 | D:4      | You fall through a shaft!
  2363 | D:5      | Entered Level 5 of the Dungeon
  2373 | D:5      | XOM: enchant monster (good)
  2402 | D:5      | XOM: potion effect (berserk rage)
  2410 | D:5      | Found a white marble altar of Elyvilon.
  2473 | D:5      | Noticed an ogre
  2481 | D:5      | XOM: enchant monster (good)
  2483 | D:5      | XOM: destruction
  2488 | D:5      | Reached XP level 6. HP: 45/52 MP: 3/6
  2496 | D:5      | Killed an ogre
  2496 | D:5      | Reached skill level 5 in Long Blades
  2543 | D:5      | XOM: smoke on damage
  2912 | D:4      | Noticed Menkaure
  2921 | D:4      | Killed Menkaure
  3044 | D:4      | Noticed an ogre
  3083 | D:4      | XOM: cast spell 'Summon Small Mammal'
  3084 | D:4      | XOM: god gift: 12 gold pieces
  3086 | D:4      | XOM: polymorph quokka -> river rat
  3089 | D:4      | Killed an ogre
  3089 | D:4      | Your scales start taking on a glossy black colour.
  3089 | D:4      | Mutation became permanent: You are resistant to electric shocks. [Black Draconian growth]
  3089 | D:4      | Reached XP level 7. HP: 37/60 MP: 5/7
  3338 | D:5      | XOM: swap monsters
  3342 | D:5      | Noticed a centaur
  3354 | D:5      | Killed a centaur
  3354 | D:5      | Reached skill level 5 in Fighting
  3354 | D:5      | Reached skill level 6 in Long Blades
  3455 | D:5      | XOM: god gift: 8 stones
  3503 | D:5      | XOM: god gift: paperback book {god gift}
  3587 | D:5      | XOM: destruction
  3589 | D:5      | XOM: divination: detect creatures
  3672 | D:5      | XOM: harmless Air miscast
  3757 | D:5      | Slain by an iguana

Vault maps used:
D:1:      lightli_arrival_quake
D:4:      first_bread, xom_redecorated, uniq_menkaure
D:5:      lemuel_crystal_altar

Action                   |  1- 3 |  4- 6 |  7- 9 || total
-------------------------+-------+-------+-------++-------
Melee: Falchion          |   115 |   135 |    85 ||   335
 Abil: Breathe Lightning |       |       |     2 ||     2
Evoke: Deck              |       |     3 |       ||     3
  Use: Scroll            |     5 |     5 |     2 ||    12
       Potion            |       |     2 |       ||     2
 Stab: Paralysed         |     1 |     3 |       ||     4
       Petrifying        |     1 |       |       ||     1
       Sleeping          |     2 |     1 |       ||     3
       Confused          |     1 |       |       ||     1
       Petrified         |       |     1 |       ||     1
  Eat: Bread ration      |       |     2 |     1 ||     3
